 Dungeon Crawl Stone Soup version 0.24.0-41-g2ae2f7f1be (webtiles) character file.

Game seed: 8922930056803089280, levelgen mode: deterministic

21403 Esekla the Slicer (level 12, -2/68 HPs)
             Began as a Deep Elf Abyssal Knight on Dec 10, 2019.
             Was the Champion of Lugonu.
             Shot with a bolt by an orc warrior (24 damage)
             ... on level 2 of the Orcish Mines on Dec 11, 2019.
             The game lasted 03:01:45 (15736 turns).

Esekla the Slicer (Deep Elf Abyssal Knight)        Turns: 15736, Time: 03:01:47

Health: -2/68      AC: 15    Str:  9    XL:     12   Next: 53%
Magic:  19/26      EV: 18    Int: 19    God:    Lugonu [******]
Gold:   1571       SH:  0    Dex: 18    Spells: 16/27 levels left

rFire    + . .     SeeInvis +   d - +11 short sword of the Saviour {pierce, rF+ SInv}
rCold    + + .     Gourm    .   (no shield)
rNeg     . . .     Faith    .   W - +4 troll leather armour
rPois    .         Spirit   .   h - +1 hat
rElec    .         Reflect  .   i - +2 cloak
rCorr    .         Harm     .   u - +0 pair of gloves
MR       +....                  j - +0 pair of boots
Stlth    +++.......             (no amulet)
HPRegen  1.61/turn              n - ring of protection from cold
MPRegen  0.20/turn              r - ring "Ewiplof" {rC+ SInv}

@: singing, very slightly contaminated, regenerating
A: mutation resistance 1
a: Depart the Abyss, Bend Space, Banish, Corrupt, Enter the Abyss, Brand Weapon
With Distortion, Renounce Religion


You were on level 2 of the Orcish Mines.
You worshipped Lugonu.
Lugonu was exalted by your worship.
You were not hungry.

You visited 3 branches of the dungeon, and saw 14 of its levels.
You visited the Abyss 1 time.
You also visited: Gauntlet.

You collected 1796 gold pieces.
You spent 225 gold pieces at shops.

Inventory:

Hand Weapons
 d - the +11 short sword of the Saviour (weapon) {pierce, rF+ SInv}
   (You found it on level 2 of the Abyss)

   It inflicts extra damage upon your enemies.
   It protects you from fire.
   It lets you see invisible.
 k - a +4 short sword of electrocution
 A - a +3 falchion
 F - a +0 trident
 K - a +3 long sword of flaming
 S - a cursed +3 long sword
 T - the +10 rapier "Daoc" {drain, *Noise rPois Str-4 SInv}
   (You bought it in a shop on level 1 of the Orcish Mines)

   A truly terrible weapon, it drains the life of those it strikes.
   It affects your strength (-4).
   It protects you from poison.
   It lets you see invisible.
   It may make noises in combat.
Missiles
 s - 5 silver boomerangs
 v - 68 poisoned darts
 U - 22 silver javelins (quivered)
Armour
 b - a +2 robe of positive energy
 e - a scarf of spirit shield
 h - a +1 hat (worn)
 i - a +2 cloak (worn)
 j - a +0 pair of boots (worn)
 u - a +0 pair of gloves (worn)
 x - a scarf of cloud immunity
 I - the +7 plate armour of Quantum Leap {rN+}
   (You found it on level 7 of the Dungeon)

   It protects you from negative energy.
 V - a +3 ring mail of cold resistance
 W - a +4 troll leather armour (worn)
 Z - a +1 robe of cold resistance
Magical Staves
 g - an uncursed staff of fire {unknown}
 X - an uncursed staff of power
Jewellery
 m - an uncursed ring of flight {unknown}
 n - a ring of protection from cold (left hand)
 r - the ring "Ewiplof" (right hand) {rC+ SInv}
   (You found it in a Gauntlet)

   [ring of see invisible]

   It protects you from cold.
   It lets you see invisible.
 L - the cursed ring "Quonugh" {+Fly rPois MR- Int+3 Dex-2}
   (You found it in a Gauntlet)

   [ring of dexterity]

   It affects your intelligence (+3).
   It affects your dexterity (-2).
   It protects you from poison.
   It affects your resistance to hostile enchantments.
   It lets you fly.
   It has a curse placed upon it.
Wands
 D - a wand of digging (2)
 N - a wand of flame (19)
 P - a wand of acid (8)
 R - a wand of clouds (6)
Scrolls
 f - 5 scrolls of teleportation
 l - 5 scrolls of enchant weapon
 q - 2 scrolls of enchant armour
 y - a scroll of magic mapping
 C - 4 scrolls of fear
 J - a scroll of holy word
 M - a scroll of noise
 O - 6 scrolls of amnesia
 Q - a scroll of identify
Potions
 o - 2 potions of agility
 p - 3 potions of might
 t - a potion of berserk rage
 w - 2 potions of lignification
 z - 2 potions of ambrosia
 B - 4 potions of brilliance
 E - 7 potions of curing
 G - 2 potions of cancellation
 H - a potion of magic
 Y - a potion of resistance
Miscellaneous
 a - a lightning rod (4/4)
Comestibles
 c - 28 rations


   Skills:
 + Level 5.0 Fighting
 - Level 10.5(11.3) Short Blades
 * Level 6.5(9.0) Long Blades
 + Level 2.1 Throwing
 + Level 4.0 Armour
 * Level 9.2 Dodging
 - Level 6.1 Stealth
 * Level 8.3 Spellcasting
 + Level 6.4 Hexes
 + Level 6.4 Charms
 + Level 6.0 Necromancy
 + Level 3.4 Translocations
 * Level 5.6 Invocations
 * Level 2.9 Evocations


You had 16 spell levels left.
You knew the following spells:

 Your Spells              Type           Power        Failure   Level  Hunger
b - Shroud of Golubria    Chrm/Tloc      ####..       2%          2    None
d - Infusion              Chrm           ####         1%          1    None
g - Regeneration          Chrm/Necr      ####......   2%          3    None
s - Song of Slaying       Chrm           ####....     1%          2    None
w - Spectral Weapon       Hex/Chrm       ####....     2%          3    None

Your spell library contained the following spells:

 Spells                   Type           Power        Failure   Level  Hunger
 Beastly Appendage        Tmut           #.....       12%         1    None
 Sticks to Snakes         Tmut           #.......     19%         2    None
 Spider Form              Tmut/Pois      #.........   36%         3    None
 Ice Form                 Ice/Tmut       #.......     77%         4    ###....
 Blade Hands              Tmut           #.........   98%         5    #####..


Dungeon Overview and Level Annotations

Branches:
Dungeon (11/15)            Temple (0/1) D:4            Lair (1/6) D:10
    Orc (2/2) D:10            Elf (0/3) Orc:2       Gauntlet (visited)

Altars:
Cheibriados
Fedhas
Hepliaklqana
Kikubaaqudgha
Makhleb
Nemelex Xobeh
Okawaru
Ru
Sif Muna
Trog
Uskayaw
Yredelemnul
The Shining One
Beogh

Shops:
D:6 [   Orc:1 (


Innate Abilities, Weirdness & Mutations

You are somewhat resistant to further mutation.


Message History

The orc warrior shoots a bolt.
The bolt misses you.
Things that are here:
a bolt; an arrow The orc warrior shoots a bolt.
The bolt barely misses you.
You see here 2 bolts.
The orc warrior unwields a +0 great mace.
The orc warrior wields a +0 arbalest.
The orc warrior shoots a bolt.
The bolt misses you.
The centaur unwields a +0 shortbow.
The centaur misses you.
The centaur unwields a +0 shortbow.
The centaur hits you.
* * * LOW HITPOINT WARNING * * *
You see here 2 bolts.
The centaur hits you but does no damage.
Casting: Regeneration (safe; 2% risk of failure)
Confirm with . or Enter, or press ? or * to list all spells.
You start singing a song of slaying.
The orc warrior shouts!
The centaur completely misses you. x2; The orc warrior shoots a bolt.
The bolt hits you!!
You die...

..................
#..............)..
##.#..............
####.............
##.##............
#..(.............
##..........#....
##(.......(.).....
###@#(.((..(.....<..
##.cc(.(...(.......).
####.)o(#(..............
##.#...(##....((.........
#......##...#(...........
#.#.....(###..)(...........
......(.####.())...........
.......(###(...oo..........
.........###((##....#......


You could see 3 orc warriors and 2 centaurs.

Vanquished Creatures
  A minotaur (Gauntlet)
  Fannar (D:10)
  Erica (D:8)
  Urug (D:10)
  A skeletal warrior (D:10)
  2 manticores (D:11)
  2 cyclopes (D:11)
  An ice statue (Gauntlet)
  Psyche (D:10)
  Maurice (D:10)
  A spiny frog (Lair:1)
  A rime drake (Gauntlet)
  An efreet (Gauntlet)
  2 komodo dragons
  A harpy zombie (Gauntlet)
  A hornet (D:9)
  A troll (D:11)
  4 blink frogs (Lair:1)
  6 hippogriffs
  4 flying skulls (Gauntlet)
  A spriggan (D:7)
  7 yaks
  A shadow (D:7)
  A wyvern (D:11)
  2 fire elementals (Gauntlet)
  3 wraiths
  2 hungry ghosts
  A warg (Orc:1)
  Menkaure (D:5)
  An acid dragon (D:11)
  The ghost of mortelune the Firebug, an amateur DEFE of Vehumet (D:3)
  A water moccasin (Lair:1)
  2 porcupines (Lair:1)
  A hell hound (Gauntlet)
  17 orc warriors
  4 sky beasts
  13 ogres
  2 phantoms
  3 necrophages
  8 centaurs
  3 bullfrogs
  A scorpion (D:4)
  A wyvern skeleton (D:6)
  12 killer bees
  9 wights
  3 electric eels (Lair:1)
  2 howler monkeys
  9 crimson imps
  6 orc priests
  2 bullfrog skeletons
  3 centaur skeletons
  9 hounds
  2 jellies
  13 orc wizards
  6 iguanas
  5 worker ants
  A hound zombie (D:11)
  A hound skeleton (D:4)
  A worker ant zombie (D:8)
  15 gnolls
  15 adders
  2 howler monkey skeletons
  5 shadow imps
  An ooze (D:2)
  An adder skeleton (D:10)
  An adder zombie (D:8)
  3 worms
  3 dart slugs
  8 leopard geckos
  69 orcs
  3 giant cockroaches
  4 hobgoblins
  5 jackals
  8 kobolds
  4 quokkas
  5 ball pythons
  9 bats
  6 frilled lizards
  11 goblins
  A jackal zombie (D:5)
  A leopard gecko zombie (D:5)
  A quokka skeleton (D:4)
  A quokka zombie (D:5)
  8 rats
385 creatures vanquished.

Vanquished Creatures (others)
  A death drake (Gauntlet)
  2 centaur zombies (Gauntlet)
  A wyvern zombie (Gauntlet)
  A plant (D:10)
  10 spectral weapons
  2 starspawn tentacles (Gauntlet)
17 creatures vanquished.

Grand Total: 402 creatures vanquished

Notes
Turn   | Place    | Note
-------+----------+-------------------------------------------
     0 | Abyss:1  | Esekla the Deep Elf Abyssal Knight began the quest for the
                  | Orb.
     0 | Abyss:1  | Reached XP level 1. HP: 13/13 MP: 4/4
    60 | Abyss:1  | Noticed a flying skull
    75 | Abyss:2  | Got a steaming short sword
    76 | Abyss:2  | Noticed a raiju
    76 | Abyss:2  | Noticed a raiju
    77 | D:1      | Escaped the Abyss
    78 | D:1      | Identified the +11 short sword of the Saviour {pierce, rF+
                  | SInv} (You found it on level 2 of the Abyss)
   146 | D:1      | Reached skill level 1 in Short Blades
   187 | D:1      | Reached * piety under Lugonu
   218 | D:1      | Reached XP level 2. HP: 18/18 MP: 5/5
   492 | D:2      | Reached XP level 3. HP: 18/22 MP: 6/6
   633 | D:2      | Reached skill level 1 in Armour
   906 | D:2      | Reached XP level 4. HP: 22/28 MP: 7/7
   967 | D:1      | Reached skill level 2 in Short Blades
  1602 | D:3      | Reached ** piety under Lugonu
  1807 | D:3      | Reached XP level 5. HP: 29/32 MP: 8/8
  2109 | D:4      | Reached skill level 3 in Short Blades
  2209 | D:3      | Found a runed translucent gate.
  2210 | D:3      | Found a runed translucent gate.
  2210 | D:3      | Noticed mortelune's ghost (amateur DEFE)
  2211 | D:3      | Found a runed translucent gate.
  2215 | D:3      | Identified the +8 mace "Uqamot" {pain, *Corrode rPois rN+++
                  | Int+4}
  2215 | D:3      | Identified the +8 chain mail "Ujiajot" {*Drain MR+++ Int+5}
  2216 | D:3      | Found a roughly hewn altar of Beogh.
  2337 | D:3      | Reached XP level 6. HP: 37/37 MP: 9/9
  2584 | D:4      | Reached skill level 4 in Short Blades
  2725 | D:4      | Found a staircase to the Ecumenical Temple.
  2921 | D:5      | Entered Level 5 of the Dungeon
  2921 | D:5      | Found an ancient bone altar of Kikubaaqudgha.
  2921 | D:5      | Found a basalt altar of Yredelemnul.
  2921 | D:5      | Noticed Menkaure
  2922 | D:5      | Noticed a wraith
  2955 | D:5      | Found a transporter.
  2975 | D:5      | Found a snail-covered altar of Cheibriados.
  2984 | D:5      | Found a hazy altar of Hepliaklqana.
  2991 | D:5      | Found a shimmering blue altar of Sif Muna.
  3006 | D:5      | Found an iron altar of Okawaru.
  3060 | D:5      | Noticed a hungry ghost
  3062 | D:5      | Noticed a wraith
  3073 | D:5      | Found a transporter.
  3214 | D:5      | Reached *** piety under Lugonu
  3316 | D:5      | Reached XP level 7. HP: 39/41 MP: 11/11
  3348 | D:5      | Reached skill level 1 in Stealth
  3432 | D:5      | Found a bloodstained altar of Trog.
  3512 | D:5      | Reached skill level 5 in Short Blades
  3806 | D:4      | Noticed a hippogriff
  3815 | D:4      | Killed a hippogriff
  4068 | D:6      | Found Tubbe's Armour Shoppe.
  4081 | D:6      | Reached XP level 8. HP: 42/46 MP: 12/12
  4087 | D:6      | Reached skill level 6 in Short Blades
  4117 | D:6      | Found a blossoming altar of Fedhas.
  4179 | D:6      | Found a sacrificial altar of Ru.
  4299 | D:7      | Got a fine plate armour
  4541 | D:6      | Reached skill level 7 in Short Blades
  4728 | D:5      | Reached skill level 5 in Dodging
  4913 | D:5      | Reached **** piety under Lugonu
  5382 | D:7      | Reached skill level 8 in Short Blades
  5382 | D:7      | Reached XP level 9. HP: 52/52 MP: 13/13
  5464 | D:7      | Found a sparkling altar of Nemelex Xobeh.
  6936 | D:8      | Reached skill level 9 in Short Blades
  7215 | D:8      | Noticed Erica
  7226 | D:8      | Killed Erica
  7226 | D:8      | Reached skill level 5 in Long Blades
  7390 | D:8      | Reached XP level 10. HP: 56/57 MP: 14/14
  7481 | D:10     | Entered Level 10 of the Dungeon
  7511 | D:10     | Found a staircase to the Lair.
  8134 | D:7      | Identified the +7 plate armour of Quantum Leap {rN+} (You
                  | found it on level 7 of the Dungeon)
  8148 | D:7      | Learned a level 3 spell: Spectral Weapon
  8151 | D:7      | Learned a level 2 spell: Shroud of Golubria
  8154 | D:7      | Learned a level 2 spell: Song of Slaying
  8504 | D:9      | Found a burning altar of Makhleb.
  8780 | D:9      | Reached skill level 1 in Charms
  8812 | D:9      | Found a hide-covered altar of Uskayaw.
  8812 | D:9      | Found a glowing golden altar of the Shining One.
  8824 | D:9      | Reached ***** piety under Lugonu
  8824 | D:9      | Reached skill level 1 in Spellcasting
  8844 | D:9      | Reached skill level 1 in Hexes
  8844 | D:9      | Reached skill level 1 in Translocations
  8894 | D:9      | Reached skill level 5 in Stealth
  8925 | D:8      | Learned a level 3 spell: Regeneration
  8927 | D:8      | Learned a level 1 spell: Infusion
  9081 | D:9      | Reached skill level 1 in Throwing
  9126 | D:9      | Reached skill level 1 in Necromancy
  9416 | D:9      | Found a sacrificial altar of Ru.
  9865 | D:3      | Killed mortelune's ghost
 10028 | D:5      | Killed Menkaure
 10037 | D:5      | Reached skill level 10 in Short Blades
 10474 | D:10     | Noticed Fannar
 10486 | D:10     | Killed Fannar
 10628 | D:10     | Found a staircase to the Orcish Mines.
 10663 | D:10     | Reached XP level 11. HP: 48/62 MP: 6/18
 10893 | D:10     | Noticed Psyche
 10903 | D:10     | Killed Psyche
 11109 | D:10     | Noticed Urug
 11531 | D:11     | Found a gate leading to a gauntlet.
 11535 | Gauntlet | Entered a Gauntlet
 11535 | Gauntlet | Found a transporter.
 11535 | Gauntlet | Found a transporter.
 11537 | Gauntlet | Found a transporter.
 11540 | Gauntlet | Found a transporter.
 11541 | Gauntlet | Found a transporter.
 11541 | Gauntlet | Found a transporter.
 11573 | Gauntlet | Found a transporter.
 11577 | Gauntlet | Found a transporter.
 11606 | Gauntlet | Found a transporter.
 11622 | Gauntlet | Found a transporter.
 11625 | Gauntlet | Noticed a death drake
 11636 | Gauntlet | Found a transporter.
 11640 | Gauntlet | Found a transporter.
 11889 | Gauntlet | Reached skill level 5 in Spellcasting
 12329 | Gauntlet | Got a warped amber ring
 12338 | Gauntlet | Reached skill level 5 in Charms
 12448 | Gauntlet | Noticed a minotaur
 12465 | Gauntlet | Killed a minotaur
 12465 | Gauntlet | Reached skill level 1 in Evocations
 12480 | Gauntlet | Gained mutation: Your body sometimes deteriorates upon
                  | taking damage. [potion of mutation]
 12480 | Gauntlet | Gained mutation: You occasionally shout uncontrollably at
                  | your foes. [potion of mutation]
 12480 | Gauntlet | Gained mutation: You are somewhat resistant to further
                  | mutation. [potion of mutation]
 12481 | Gauntlet | Lost mutation: Your body sometimes deteriorates upon taking
                  | damage. [potion of mutation]
 12481 | Gauntlet | Lost mutation: You occasionally shout uncontrollably at
                  | your foes. [potion of mutation]
 12521 | Gauntlet | Got a brightly glowing leather armour
 12523 | Gauntlet | Identified the cursed ring "Quonugh" {+Fly rPois MR- Int+3
                  | Dex-2} (You found it in a Gauntlet)
 12524 | Gauntlet | Identified the cursed +0 leather armour "Illeg" {Int+2}
                  | (You found it in a Gauntlet)
 12575 | Gauntlet | Corrupted Gauntlet
 12575 | Gauntlet | Noticed a mana viper
 12575 | Gauntlet | Noticed a cacodemon
 12575 | Gauntlet | Noticed a tentacled starspawn
 12575 | Gauntlet | Noticed a large abomination
 12575 | Gauntlet | Noticed a balrug
 12586 | Gauntlet | Killed a death drake
 12589 | Gauntlet | Noticed a lich
 12590 | Gauntlet | Got a bound iron ring
 12607 | D:11     | Identified the ring "Ewiplof" {rC+ SInv} (You found it in a
                  | Gauntlet)
 13322 | D:11     | Reached skill level 5 in Invocations
 13528 | D:10     | Noticed Maurice
 13529 | D:10     | Noticed a skeletal warrior
 13569 | D:10     | Killed Maurice
 13652 | D:11     | Reached XP level 12. HP: 45/68 MP: 16/24
 13678 | D:11     | Reached skill level 5 in Hexes
 13912 | D:11     | Found a sparkling altar of Nemelex Xobeh.
 13983 | D:10     | Reached skill level 5 in Necromancy
 13994 | Lair:1   | Entered Level 1 of the Lair of Beasts
 14950 | D:10     | Killed Urug
 15045 | Orc:1    | Entered Level 1 of the Orcish Mines
 15058 | Orc:1    | Found Pikain's Antique Weapon Boutique.
 15069 | Orc:1    | Reached ****** piety under Lugonu
 15123 | Orc:1    | Bought a jewelled rapier for 225 gold pieces
 15130 | Orc:1    | Identified the +10 rapier "Daoc" {drain, *Noise rPois Str-4
                  | SInv} (You bought it in a shop on level 1 of the Orcish
                  | Mines)
 15304 | Orc:2    | Entered Level 2 of the Orcish Mines
 15304 | Orc:2    | Found a staircase to the Elven Halls.
 15697 | Orc:2    | Reached skill level 5 in Fighting
 15736 | Orc:2    | Shot with a bolt by an orc warrior

Levels and vault maps discovered:
D:1:      dpeg_arrival_more_subterranean_lakeside_camping, layout_loops_ring
D:2:      layout_basic, minmay_heptomino_w4
D:3:      minmay_general_purpose_star, layout_loops_ring,
          biasface_ghost_orc_armoury
D:4:      layout_rooms, minmay_temple_entry_hall, first_ration
D:5:      layout_basic, gammafunk_temple_of_torment, lemuel_doored_altar,
          grunt_temple_overflow_cloverleaf, kennysheep_dice
D:6:      layout_rooms, kennysheep_mini, serial_shops, kennysheep_mini_moat,
          nicolae_ru_great_annihilating_truth
D:7:      layout_basic, minmay_misc_feat_chi, the_bakery,
          nemelex_diamond_rough_becter
D:8:      layout_basic, minmay_between, uniq_erica
D:9:      layout_basic, marbit_many_paths,
          chequers_temple_overflow_statue_of_worship, basic_altar
D:10:     layout_roguey, david_lair_shrubbed, erik_orc_3,
          minmay_chambers_of_fives, uniq_urug, uniq_psyche, uniq_maurice,
          uniq_fannar
D:11:     layout_roguey, gauntlet_entry_generic, serial_curves, eino_curves_03,
          eino_curves_04, eino_curves_02, st_stairs_5,
          roderic_cross_of_infinity, nemelex_altar_shiori
Lair:1:   layout_long_grid, serial_bayou_lake_a, lemuel_fruit_tree
Orc:1:    layout_caves, serial_shops, nicolae_shop_waterfront
Orc:2:    st_orc_rangers, layout_caves

Skill      XL: |  1  2  3  4  5  6  7  8  9 10 11 12 |
---------------+-------------------------------------+-----
Short Blades   | 1 2 3 4 5 8 9 10 | 10.5
Long Blades    | 2 3 4 5 6 |  6.5
Armour         | 1 2 3 4 |  4.0
Fighting       | 3 4 5 |  5.0
Dodging        | 3 4 5 6 7 8 9 |  9.2
Stealth        | 1 2 4 5 6 |  6.1
Invocations    | 3 5 |  5.6
Charms         | 3 5 6 |  6.4
Spellcasting   | 3 7 8 |  8.3
Hexes          | 3 4 6 |  6.4
Translocations | 2 3 |  3.4
Throwing       | 1 2 |  2.1
Necromancy     | 2 4 6 |  6.0
Evocations     | 2 |  2.9

Action                   |  1- 3 |  4- 6 |  7- 9 | 10-12 || total
-------------------------+-------+-------+-------+-------++-------
Melee: Short sword       |    67 |   129 |   250 |   611 ||  1057
Throw: Dart              |       |     3 |    18 |    42 ||    63
       Boomerang         |       |     1 |     5 |    13 ||    19
       Javelin           |       |       |       |     4 ||     4
 Cast: Spectral Weapon   |       |       |       |    40 ||    40
       Shroud of Golubri |       |       |       |     5 ||     5
       Regeneration      |       |       |       |    31 ||    31
       Song of Slaying   |       |       |       |     8 ||     8
       Infusion          |       |       |       |     1 ||     1
Invok: Depart the Abyss  |     1 |       |       |       ||     1
       Bend Space        |       |       |     6 |     8 ||    14
       Corrupt           |       |       |       |     1 ||     1
  Use: Scroll            |       |     4 |     5 |    27 ||    36
       Potion            |       |       |       |    12 ||    12
 Stab: Sleeping          |     1 |     3 |     4 |    22 ||    30
       Distracted        |       |       |       |     4 ||     4
  Eat: Chunk             |       |     7 |    13 |    27 ||    47
       Ration            |       |       |       |     2 ||     2
Armor: Leather armour    |    18 |    23 |    39 |    24 ||   104
       Skin              |       |       |       |     5 ||     5
       Robe              |       |       |       |    40 ||    40
       Troll leather arm |       |       |       |    30 ||    30
Dodge: Dodged            |    32 |    71 |   136 |   343 ||   582
